 Crawl Stoat Soup version 0.22-s0-40-gd51f7d1946 (console) character file.

3203 hilarita the Slinger (level 10, -1/102 HPs)
             Began as a Halfling Fighter on Feb 2, 2020.
             Was a Priest of Okawaru.
             Slain by Psyche
             ... wielding a +4 dagger of chaos
              (15 damage)
             ... on level 8 of the Dungeon.
             The game lasted 00:28:22 (9009 turns).

hilarita the Slinger (Halfling Fighter)             Turns: 9009, Time: 00:28:24

Health: -1/102     AC: 25    Str: 20    XL:     10   Next: 17%
Magic:  0/13       EV:  3    Int:  6    God:    Okawaru [***...]
Gold:   485        SH: 14    Dex: 15    Spells: 9/9 levels left

rFire    . . .     SeeInvis .   a - +0 rapier
rCold    . . .     Gourm    .   c - +1 shield
rNeg     + + +     Faith    .   (armour currently unavailable)
rPois    +         Spirit   +   (helmet currently unavailable)
rElec    .         Warding  .   (cloak currently unavailable)
rCorr    .         Reflect  .   (gloves currently unavailable)
MR       .....     Harm     .   (boots currently unavailable) Stlth +++.......NoTele +
                                k - amulet of guardian spirit
HPRegen  0.27/turn              (no ring)
MPRegen  0.13/turn              (no ring)

@: tree-form, heroism, drained
A: small, mutation resistance 1
a: Heroism, Renounce Religion


You were on level 8 of the Dungeon.
You worshipped Okawaru.
Okawaru was most pleased with you.
You were hungry.
You were a tree.
You visited 2 branches of the dungeon, and saw 9 of its levels.
You also visited: Ossuary.

You collected 485 gold pieces.

Inventory:

Hand Weapons
 a - a +0 rapier (weapon)
 b - a +1 hunting sling
Missiles
 h - 294 stones (quivered)
Armour
 c - a +1 shield (worn)
 H - a +0 plate armour (melded)
Jewellery
 i - an uncursed amulet of the acrobat
 k - an amulet of guardian spirit (around neck)
 s - an uncursed ring of wizardry
 x - an uncursed ring of wizardry
 z - an uncursed amulet of faith
 C - an uncursed ring of stealth
Wands
 y - a wand of polymorph (17)
 A - a wand of random effects (59)
 B - a wand of disintegration (9)
Scrolls
 d - a scroll of teleportation
 l - 6 scrolls of remove curse
 p - 3 scrolls of enchant armour
 t - a scroll of fear
 G - a scroll of enchant weapon
Potions
 e - 2 potions of resistance
 g - 2 potions of cancellation
 j - 2 potions of curing
 m - a potion of haste
 n - a potion of lignification
 q - 2 potions of agility
 r - 3 potions of flight
 v - a potion of magic
 w - a potion of mutation {unknown}
 F - a potion of might
Comestibles
 f - 2 bread rations
 o - 5 chunks of flesh
 u - 4 fruits
 D - 3 meat rations


   Skills:
 + Level 5.9(9.7) Fighting
 - Level 5.4(9.3) Short Blades
 * Level 9.8(13.6) Slings
 + Level 7.1(10.9) Armour
 + Level 7.1(10.9) Shields
 + Level 4.8(3.8) Invocations


You had 9 spell levels left.
You didn't know any spells.
Your spell library contained the following spells:

 Spells                   Type           Power        Failure   Level  Hunger
 Confusing Touch          Hex            #.....       77%         1    ##.....
 Confuse                  Hex            #.......     98%         3    ####...
 Gell's Gravitas          Tloc           #.........   98%         3    ####...
 Recall                   Summ/Tloc      N/A          98%         3    ####...
 Animate Dead             Necr           N/A          100%        4    #####..
 Petrify                  Tmut/Erth      #.......     100%        4    #####..
 Borgnjor's Vile Clutch   Necr/Erth      #.........   100%        5    ######.
 Metabolic Englaciation   Hex/Ice        #.........   100%        5    ######.
 Yara's Violent Unravell  Hex/Tmut       #.........   100%        5    ######.
 Death Channel            Necr           #.........   100%        6    #######
 Simulacrum               Ice/Necr       #.........   100%        6    #######


Dungeon Overview and Level Annotations

Branches:
Dungeon (8/15)             Temple (1/1) D:4
   Lair: D:8-11

Altars:
Ashenzari
Cheibriados
Dithmenos
Elyvilon
Fedhas
Gozag
Hepliaklqana
Kikubaaqudgha
Makhleb
Nemelex Xobeh
Okawaru
Qazlal
Ru
Sif Muna
Trog
Uskayaw
Vehumet
Wu Jian
Xom
Yredelemnul
Zin
The Shining One

Shops:
D:8 ?

Portals:
Bailey: D:8

Annotations:
D:2 2 transporters
D:8 Psyche


Innate Abilities, Weirdness & Mutations

You are small and have problems with some larger weapons.
You are somewhat resistant to further mutation.


Message History

A puff of frost appears from out of thin air!
The puff of frost hits you!
* * * LOW HITPOINT WARNING * * *
Unknown command.
You feel better.
You hear some strange, mumbled words.
A puff of flame appears from out of thin air!
You block the puff of flame.
Unknown command.
You miss something.
You hear some strange, mumbled words.
A puff of frost appears from out of thin air!
The puff of frost hits you! Something hits you but does no damage.
You hit something. Something hits you but does no damage.
You barely miss something.
You hear some strange, mumbled words.
A magic dart appears from out of thin air!
The magic dart hits you! Something hits you but does no damage.
You hit something. Something hits you but does no damage.
You are electrocuted!
You die...

#.#.#..# ####......(.# #.#
#.#.#..# #.......(####.####
#.#.##.# #........'....#<(.
..#.##># #........#######.#
#.#.##.# ###################.#
..#.##.# #...................#
#.#....# ####▓▓▓#####▓▓▓######.#
#.###### #.'.▓)▓.....▓)▓@....#.#
#.# #.#.▓▓▓{▓▓▓.▓▓▓.▓▓▓.#.#
#.#########.#...♣.▓)▓.....▓)▓∩#.#
............######▓▓▓#####▓▓▓##.#
..###########...................#
..# ##################### ..# ###


There were no monsters in sight!

Vanquished Creatures
  A steam dragon (D:6)
  Menkaure (Ossuary)
  Duvessa (D:5)
  An orc warrior (D:7)
  2 sky beasts (D:7)
  A black bear (D:8)
  4 ogres
  2 phantoms (D:5)
  5 centaurs
  5 bullfrogs
  Dowan (D:5)
  2 scorpions
  3 vampire bats (D:2)
  3 crimson imps
  A howler monkey (D:6)
  2 jellies
  3 centaur zombies
  2 orc wizards
  An orc priest (D:3)
  6 hounds
  A bullfrog skeleton (D:7)
  2 iguanas
  A worker ant (D:8)
  A hound zombie (D:7)
  2 howler monkey skeletons
  9 gnolls
  12 adders
  3 shadow imps
  An ooze (D:5)
  An adder skeleton (D:6)
  An adder zombie (D:5)
  2 worms
  2 dart slugs
  7 leopard geckos
  20 orcs
  5 ball pythons (D:3)
  3 bats
  2 bat skeletons (D:2)
  3 bat zombies (D:2)
  5 giant cockroaches
  2 gnoll zombies (Ossuary)
  6 hobgoblins
  4 kobolds
  8 weasels
  2 frilled lizards
  8 goblins
  3 goblin skeletons (Ossuary)
  3 goblin zombies (Ossuary)
  A hobgoblin skeleton (Ossuary)
  5 hobgoblin zombies (Ossuary)
  3 kobold skeletons (Ossuary)
  3 kobold zombies (Ossuary)
  A leopard gecko skeleton (D:6)
  2 orc skeletons (Ossuary)
  3 orc zombies (Ossuary)
  12 rats
  2 rat skeletons (Ossuary)
  2 rat zombies (Ossuary)
200 creatures vanquished.

Vanquished Creatures (others)
  3 mummies (Ossuary)
  A gnoll skeleton (Ossuary)
  2 goblin skeletons (Ossuary)
  2 goblin zombies (Ossuary)
  4 hobgoblin skeletons (Ossuary)
  A hobgoblin zombie (Ossuary)
  2 kobold skeletons (Ossuary)
  2 kobold zombies (Ossuary)
  2 orc skeletons (Ossuary)
  An orc zombie (Ossuary)
  3 rat skeletons (Ossuary)
  A rat zombie (Ossuary)
24 creatures vanquished.

Grand Total: 224 creatures vanquished

Notes
Turn   | Place    | Note
-------+----------+-------------------------------------------
     0 | D:1      | hilarita the Halfling Fighter began the quest for the Orb.
     0 | D:1      | Reached XP level 1. HP: 15/15 MP: 1/1
   119 | D:1      | Reached XP level 2. HP: 17/20 MP: 2/2
   761 | D:2      | Found a shadowy altar of Dithmenos.
   761 | D:2      | Noticed a hippogriff
   809 | D:2      | Found a transporter.
   830 | D:2      | Reached XP level 3. HP: 18/25 MP: 3/3
   989 | D:2      | Found a transporter.
  1441 | D:2      | Found a basalt altar of Yredelemnul.
  1481 | D:2      | Reached XP level 4. HP: 31/31 MP: 4/4
  1541 | D:2      | Found an ancient bone altar of Kikubaaqudgha.
  1572 | D:2      | Reached XP level 5. HP: 30/36 MP: 5/5
  1942 | D:3      | Reached XP level 6. HP: 36/42 MP: 6/6
  2183 | D:3      | Reached skill level 5 in Short Blades
  3556 | D:4      | Found a sand-covered staircase.
  3562 | Ossuary  | Entered an ossuary
  3893 | Ossuary  | Noticed Menkaure
  3909 | Ossuary  | Killed Menkaure
  3909 | Ossuary  | Reached skill level 1 in Slings
  3909 | Ossuary  | Reached XP level 7. HP: 22/47 MP: 3/7
  4363 | D:4      | Reached skill level 2 in Slings
  4612 | D:4      | Reached skill level 3 in Slings
  4675 | D:4      | Reached skill level 5 in Armour
  4675 | D:4      | Reached skill level 5 in Shields
  4948 | D:4      | Found a staircase to the Ecumenical Temple.
  4989 | Temple   | Entered the Ecumenical Temple
  4996 | Temple   | Became a worshipper of Warmaster Okawaru
  5036 | D:5      | Entered Level 5 of the Dungeon
  5281 | D:5      | Reached skill level 4 in Slings
  5281 | D:5      | Reached skill level 1 in Invocations
  5281 | D:5      | Reached XP level 8. HP: 52/54 MP: 6/8
  5292 | D:5      | Noticed Duvessa
  5294 | D:5      | Noticed Dowan
  5320 | D:5      | Killed Duvessa
  5320 | D:5      | Reached skill level 5 in Slings
  5328 | D:5      | Reached * piety under Okawaru
  5368 | D:5      | Killed Dowan
  5640 | D:5      | Found a radiant altar of Vehumet.
  5664 | D:5      | Reached skill level 6 in Slings
  6105 | D:5      | Reached XP level 9. HP: 56/60 MP: 9/11
  6499 | D:6      | Reached skill level 5 in Fighting
  6499 | D:6      | Reached skill level 7 in Slings
  6510 | D:6      | Reached ** piety under Okawaru
  6844 | D:6      | Reached skill level 8 in Slings
  7160 | D:6      | Upgraded the game from 0.22-s0-39-gb3d0953230 to
                  | 0.22-s0-40-gd51f7d1946
  8064 | D:7      | Reached skill level 9 in Slings
  8387 | D:7      | Reached XP level 10. HP: 21/68 MP: 3/13
  8679 | D:7      | Reached *** piety under Okawaru
  8712 | D:8      | Found a flagged portal.
  8713 | D:8      | Noticed Psyche
  8836 | D:8      | Found Ceros's Magic Scroll Shoppe.
  9004 | D:8      | HP: 4/102 [something/puff of frost (11)]
  9009 | D:8      | Slain by Psyche

Vault maps used:
D:1:      erik_arrival_blinker_ship
D:2:      kennysheep_vampire_church, lemuel_crystal_altar,
          gammafunk_temple_overflow_arena, first_bread, minmay_tripent
D:3:      wad_woods_tower, minmay_snake_closets
D:4:      temple_hall, nicolae_ossuary_entry_plus
D:5:      fiery_altar_vehumet, uniq_duvessa
D:6:      hangedman_cross_stitches
D:8:      enter_bailey_8, serial_shops, kennysheep_little_box, grunt_livestock,
          minivault_23, uniq_psyche
Temple:   nicolae_temple_no_exploring_needed
Ossuary:  ossuary_due_pyramid

Skill      XL: |  1  2  3  4  5  6  7  8  9 10 |
---------------+-------------------------------+-----
Short Blades   | 3 4 5 |  5.4
Fighting       | 3 4 5 |  5.9
Armour         | 4 5 6 7 |  7.1
Shields        | 4 5 6 7 |  7.1
Slings         | 1 4 6 9 |  9.8
Invocations    | 1 2 4 |  4.8

Action                   |  1- 3 |  4- 6 |  7- 9 | 10-12 || total
-------------------------+-------+-------+-------+-------++-------
Melee: Rapier            |   117 |   237 |   506 |   101 ||   961
 Fire: Hunting sling     |       |    69 |   233 |    18 ||   320
Invok: Heroism           |       |       |     2 |     2 ||     4
  Use: Scroll            |     3 |     4 |    15 |       ||    22
       Potion            |       |     1 |     1 |     3 ||     5
  Eat: Chunk             |     2 |     6 |    11 |     2 ||    21
       Bread ration      |       |     1 |       |       ||     1
       Fruit             |       |       |     1 |       ||     1
Armor: Scale mail        |    46 |    46 |       |       ||    92
       Chain mail        |       |    43 |   158 |     2 ||   203
       Plate armour      |       |       |       |    35 ||    35
       Skin              |       |       |       |     9 ||     9
Dodge: Dodged            |    43 |    81 |    74 |    16 ||   214
Block: Shield            |    55 |   132 |   260 |    61 ||   508

Table legend:
 A = Spawn XP
 B = Non-spawn XP
 C = Spawn XP percentage of total XP
 D = Spawn monster count
 E = Non-spawn monster count
 F = Spawn count percentage of total count
 G = Total turns spent on level
                    A         B        C        D         E        F      G
               +---------+---------+-------+---------+---------+-------+---------
         Total |     581 |    3996 |  12.7 |      23 |     172 |  11.8 |  9009
               +---------+---------+-------+---------+---------+-------+---------
           D:1 |       0 |      21 |   0.0 |       0 |      13 |   0.0 |   761
           D:2 |       1 |     226 |   0.4 |       1 |      22 |   4.3 |  1042
           D:3 |      15 |     222 |   6.3 |       8 |      39 |  17.0 |  1713
           D:4 |       0 |     254 |   0.0 |       0 |       9 |   0.0 |   962
           D:5 |      87 |    1217 |   6.7 |       2 |      25 |   7.4 |  1433
           D:6 |      79 |     785 |   9.1 |       4 |      20 |  16.7 |  1095
           D:7 |     366 |     765 |  32.4 |       7 |      14 |  33.3 |  1136
           D:8 |      33 |     421 |   7.3 |       1 |       5 |  16.7 |   309
       Ossuary |       0 |      85 |   0.0 |       0 |      25 |   0.0 |   543
               +---------+---------+-------+---------+---------+-------+---------
